 Dungeon Crawl Stone Soup version 0.25-a0-667-gb977e01cb5 (webtiles) character file.

Game seed: 2710607971986049566, levelgen mode: deterministic

4606 kae the Destroyer (level 10, -3/50 HPs)
             Began as a Tengu Air Elementalist on Mar 27, 2020.
             Was a Follower of Vehumet.
             Killed from afar by Psyche (5 damage)
             ... with a puff of flame
             ... on level 8 of the Dungeon.
             The game lasted 00:13:06 (10511 turns).

kae the Destroyer (Tengu Air Elementalist)         Turns: 10511, Time: 00:13:07

Health: -3/50      AC:  6    Str:  9    XL:     10   Next: 42%
Magic:  1/22       EV: 15    Int: 18    God:    Vehumet [*.....]
Gold:   804        SH:  0    Dex: 15    Spells: 9/24 levels left

rFire    . . .     SeeInvis .   b - +1 spear
rCold    . . .     Gourm    .   (no shield)
rNeg     . . .     Faith    .   a - +0 robe
rPois    +         Spirit   .   (helmet restricted)
rElec    .         Reflect  .   p - +2 cloak {rPois}
rCorr    +         Harm     .   e - +0 pair of gloves
MR       .....                  (boots unavailable)
Stlth    ++........             (no amulet)
HPRegen  0.16/turn              f - ring of resist corrosion
MPRegen  0.18/turn              (no ring)

@: flying quickly and evasively, very slightly contaminated, quick
A: beak, talons 3, able to fly
a: Stop Flying, Renounce Religion


You were on level 8 of the Dungeon.
You worshipped Vehumet.
Vehumet was aware of your devotion.
You were hungry.

You visited 2 branches of the dungeon, and saw 9 of its levels.

You collected 804 gold pieces.

Inventory:

Hand Weapons
 b - a +1 spear (weapon)
Armour
 a - a +0 robe (worn)
 e - a +0 pair of gloves (worn)
 p - a +2 cloak of poison resistance (worn)
Jewellery
 f - a ring of resist corrosion (left hand)
Wands
 m - a wand of clouds (4)
 r - a wand of polymorph (4)
 s - a wand of acid (20)
 B - a wand of flame (7)
Scrolls
 k - 2 scrolls of identify
 n - 2 scrolls of teleportation
 o - 5 scrolls of remove curse
 q - a scroll of amnesia
 u - a scroll of fog
 v - a scroll of enchant armour
 y - a scroll of enchant weapon
 z - a scroll of noise {unknown}
Potions
 d - 2 potions of berserk rage
 g - 3 potions of magic
 h - 2 potions of brilliance {unknown}
 i - 2 potions of mutation
 j - 2 potions of heal wounds
 l - 2 potions of haste
 w - a potion of might
Comestibles
 c - 10 rations


   Skills:
 - Level 2.1 Dodging
 - Level 2.0 Stealth
 + Level 7.9 Spellcasting
 - Level 12.0 Conjurations
 + Level 11.3 Air Magic


You had 9 spell levels left.
You knew the following spells:

 Your Spells              Type           Power        Failure   Level  Hunger
a - Shock                 Conj/Air       ####         1%          1    None
b - Static Discharge      Conj/Air       #####...     1%          3    #......
c - Airstrike             Air            #####.....   1%          4    ###....
d - Lightning Bolt        Conj/Air       #####.....   2%          5    #####..
e - Swiftness             Chrm/Air       ####....     1%          2    None

Your spell library contained the following spells:

 Spells                   Type           Power        Failure   Level  Hunger
 Sandblast                Erth           #.....       10%         1    None


Dungeon Overview and Level Annotations

Branches:
Dungeon (8/15)             Temple (1/1) D:6
   Lair: D:8-11

Altars:
Ashenzari
Cheibriados
Dithmenos
Elyvilon
Fedhas
Gozag
Kikubaaqudgha
Makhleb
Nemelex Xobeh
Okawaru
Qazlal
Sif Muna
Trog
Vehumet
Xom
Zin
The Shining One

Shops:
D:7 (

Annotations:
D:4 2 runed translucent doors, StormphoenixUK's ghost, amateur MiFi
D:8 Psyche


Innate Abilities, Weirdness & Mutations

You have a beak for a mouth.
You have claws for feet.
You can fly continuously.


Message History

Psyche hits you with a +0 dagger of chaos.
* * * LOW HITPOINT WARNING * * *
Psyche zaps a wand.
The puff of flame hits you.
* * * LOW HITPOINT WARNING * * *
You can move again.
Unknown command.
Unknown command.
Unknown command.
Unknown command.
Okay, then.
Okay, then.
Unknown command.
Blink to where?
Press: ? - help, Dir - move target cursor, p - Psyche You are very lightly contaminated with residual magic.
As you read the scroll of blinking, it crumbles to dust.
Psyche zaps a wand.
The puff of flame hits you.
* * * LOW HITPOINT WARNING * * *
Psyche zaps a wand.
The puff of flame hits you.
You die...

#..... # #....♣..#
.....♣..# #### #..@....#
..# #[......# #.# #.....[.#
##.####.......#
....@.F.......#############
....5.y.........@.....@§).#
.......##################.#
<..########........##.....#
.### #......#.......#.#####
.#####.######.####..#.#
............#.####..#.#
######.####.........#.#
............#.#####.#.#
######.....##.# ###.#.#


You could see Psyche.

Vanquished Creatures
  An elephant (D:8)
  Maurice (D:8)
  Maggie (D:8)
  A hornet (D:8)
  2 hippogriffs
  Eustachio (D:4)
  A water moccasin (D:7)
  2 sky beasts
  5 ice beasts
  A phantom (D:8)
  3 ogres
  A centaur (D:7)
  A crocodile (D:8)
  A big kobold (D:7)
  3 bullfrogs
  Blork the orc (D:4)
  A wyvern zombie (D:8)
  2 scorpions
  A killer bee (D:7)
  2 crimson imps (D:5)
  A quasit (D:5)
  2 bullfrog zombies
  5 hounds
  2 orc priests
  An iguana (D:6)
  2 jellies (D:6)
  2 bullfrog skeletons
  8 orc wizards
  5 worker ants
  5 hound skeletons
  A howler monkey skeleton (D:4)
  11 adders
  4 gnolls (D:2)
  3 shadow imps
  An ooze (D:1)
  An adder zombie (D:6)
  An adder skeleton (D:5)
  4 worms
  A dart slug (D:1)
  7 leopard geckos
  15 orcs
  7 bats
  6 giant cockroaches
  9 goblins
  7 hobgoblins
  16 jackals
  2 quokkas
  9 frilled lizards
  10 kobolds
  A leopard gecko skeleton (D:5)
  A quokka skeleton (D:4)
  7 rats
189 creatures vanquished.

Vanquished Creatures (others)
  4 toadstools (D:3)
4 creatures vanquished.

Grand Total: 193 creatures vanquished

Notes
Turn   | Place    | Note
-------+----------+-------------------------------------------
     0 | D:1      | kae the Tengu Air Elementalist began the quest for the Orb.
     0 | D:1      | Reached XP level 1. HP: 10/10 MP: 4/4
   151 | D:1      | Reached skill level 2 in Conjurations
   151 | D:1      | Reached XP level 2. HP: 6/15 MP: 1/6
   395 | D:1      | Reached XP level 3. HP: 19/19 MP: 5/7
   446 | D:1      | Reached skill level 3 in Conjurations
  1016 | D:2      | Noticed an ogre
  1308 | D:2      | Reached XP level 4. HP: 24/24 MP: 6/8
  1513 | D:2      | Reached skill level 4 in Conjurations
  1662 | D:2      | Reached skill level 5 in Air Magic
  1662 | D:2      | Gained mutation: You can fly continuously. [Tengu growth]
  1662 | D:2      | Reached XP level 5. HP: 28/28 MP: 6/10
  1758 | D:2      | Found a sparkling altar of Nemelex Xobeh.
  2400 | D:3      | Found a faded altar of an unknown god.
  2564 | D:3      | Reached skill level 5 in Conjurations
  2818 | D:3      | Found a shimmering blue altar of Sif Muna.
  3363 | D:2      | Killed an ogre
  3363 | D:2      | Reached XP level 6. HP: 32/32 MP: 4/12
  3473 | D:3      | Learned a level 3 spell: Static Discharge
  3478 | D:3      | Learned a level 4 spell: Airstrike
  3581 | D:4      | Noticed Blork the orc
  3663 | D:3      | Reached skill level 6 in Conjurations
  3865 | D:4      | Reached XP level 7. HP: 16/36 MP: 2/13
  4046 | D:4      | Noticed Eustachio
  4237 | D:4      | Found a runed translucent door.
  4241 | D:4      | Reached skill level 7 in Conjurations
  4306 | D:4      | Found a runed translucent door.
  4332 | D:4      | Noticed StormphoenixUK's ghost (amateur MiFi)
  4781 | D:4      | Killed Blork the orc
  4857 | D:4      | Killed Eustachio
  4857 | D:4      | Reached skill level 8 in Conjurations
  4857 | D:4      | Reached XP level 8. HP: 33/41 MP: 2/15
  5019 | D:4      | Found an iron altar of Okawaru.
  5065 | D:5      | Entered Level 5 of the Dungeon
  5670 | D:5      | Reached skill level 9 in Conjurations
  6010 | D:5      | Reached skill level 5 in Spellcasting
  6411 | D:6      | Reached skill level 10 in Conjurations
  6740 | D:6      | Reached XP level 9. HP: 45/45 MP: 14/18
  6887 | D:6      | Found a staircase to the Ecumenical Temple.
  6900 | Temple   | Entered the Ecumenical Temple
  7230 | Temple   | Became a worshipper of Vehumet
  7449 | D:6      | Found a snail-covered altar of Cheibriados.
  7890 | D:7      | Found Zomoenk's Antique Weapon Emporium.
  7955 | D:7      | Reached skill level 11 in Conjurations
  8473 | D:6      | Learned a level 5 spell: Lightning Bolt
  8476 | D:6      | Learned a level 2 spell: Swiftness
  8681 | D:7      | Found a white marble altar of Elyvilon.
  9004 | D:8      | Noticed Psyche
  9030 | D:8      | Noticed a hornet
  9032 | D:8      | Killed a hornet
  9032 | D:8      | Reached skill level 12 in Conjurations
  9102 | D:8      | Noticed a two-headed ogre
  9172 | D:8      | Reached * piety under Vehumet
  9172 | D:8      | Offered knowledge of Sandblast by Vehumet.
  9267 | D:8      | Reached skill level 10 in Air Magic
  9267 | D:8      | Reached XP level 10. HP: 50/50 MP: 2/21
  9515 | D:8      | Noticed Maurice
  9590 | D:8      | Identified a scroll of acquirement
  9641 | D:8      | Killed Maurice
  9792 | D:8      | Noticed Maggie
  9800 | D:8      | Noticed an elephant
  9802 | D:8      | Killed Maggie
 10073 | D:7      | Found Zomoenk's Antique Weapon Emporium.
 10504 | D:8      | Killed an elephant
 10506 | D:8      | Paralysed by Psyche for 5 turns
 10511 | D:8      | HP: 2/50 [Psyche/puff of flame (1)]
 10511 | D:8      | Killed from afar by Psyche

Levels and vault maps discovered:
D:1:      giann_wishing_wells, layout_basic
D:2:      layout_rooms, nemelex_xobeh_ov_fountains_minmay, first_ration
D:3:      layout_basic, led_sif_pool, chequers_ecumenical_altar_simple_redux,
          serial_forest, infiniplex_forest_join, infiniplex_forest_end_2,
          infiniplex_forest_end_double, infiniplex_forest_lined_1,
          infiniplex_forest_clump_medium, minmay_gold_behind_fungi
D:4:      layout_rooms, marbit_many_paths, ebering_ghost_sewer_f,
          grunt_decor_resistance, uniq_blork_the_orc, uniq_eustachio
D:5:      minmay_chambers_of_fours, layout_basic
D:6:      layout_basic, lemuel_coloured_pillars_altar, minmay_temple_entry_trees
D:7:      layout_rooms, elyvilon_altar_5, serial_shops,
          nicolae_shop_overgrown_old_shop
D:8:      layout_basic, david_lair_generic, grunt_decor_arrowhead, uniq_maurice,
          uniq_maggie, uniq_psyche
Temple:   minmay_temple_forest_path

Skill      XL: |  1  2  3  4  5  6  7  8  9 10 |
---------------+-------------------------------+-----
Conjurations   | 2 3 4 5 6 8 10 12 | 12.0
Air Magic      | 5 6 8 10 11 | 11.3
Spellcasting   | 3 4 5 6 7 |  7.9
Dodging        | |  2.1
Stealth        | |  2.0

Action                   |  1- 3 |  4- 6 |  7- 9 | 10-12 || total
-------------------------+-------+-------+-------+-------++-------
Melee: Spear             |    63 |    56 |   140 |    10 ||   269
       Peck              |     3 |     7 |    12 |       ||    22
       Kick              |    10 |     9 |    24 |     5 ||    48
 Cast: Shock             |    41 |    90 |   220 |    31 ||   382
       Static Discharge  |       |     2 |    12 |     7 ||    21
       Airstrike         |       |       |    13 |    17 ||    30
       Lightning Bolt    |       |       |       |     4 ||     4
 Abil: Fly               |       |     1 |       |       ||     1
  Use: Scroll            |     2 |     6 |     6 |     6 ||    20
       Potion            |       |       |     1 |     2 ||     3
 Stab: Sleeping          |     3 |     2 |     1 |       ||     6
  Eat: Chunk             |     2 |     8 |     9 |     2 ||    21
       Ration            |       |       |     3 |     1 ||     4
Armor: Robe              |     9 |    14 |    45 |    16 ||    84
Dodge: Dodged            |    42 |    68 |   153 |    34 ||   297

Table legend:
 A = Non-vault XP
 B = Vault XP
 C = Vault XP percentage of total XP
 D = Non-vault monster count
 E = Vault monster count
 F = Vault count percentage of total count
                 A         B        C        D         E       F
            +---------+---------+-------+---------+---------+-------
      Total |    4284 |    2296 |  34.9 |     176 |      13 |   6.9
            +---------+---------+-------+---------+---------+-------
        D:1 |      49 |       0 |   0.0 |      24 |       0 |   0.0
        D:2 |     254 |       0 |   0.0 |      31 |       0 |   0.0
        D:3 |     112 |       0 |   0.0 |      19 |       0 |   0.0
        D:4 |     500 |     316 |  38.7 |      20 |       3 |  13.0
        D:5 |     406 |     317 |  43.8 |      14 |       5 |  26.3
        D:6 |     759 |       0 |   0.0 |      29 |       0 |   0.0
        D:7 |    1359 |       0 |   0.0 |      21 |       0 |   0.0
        D:8 |     845 |    1663 |  66.3 |      18 |       5 |  21.7
            +---------+---------+-------+---------+---------+-------
